 Dungeon Crawl Stone Soup version 0.17.1-3-g152610e (webtiles) character file.

76 Gargoyl the Skirmisher (level 4, -2/35 HPs)
             Began as a Demonspawn Abyssal Knight on Mar 12, 2016.
             Was a Follower of Lugonu.
             Slain by a gnoll
             ... wielding a +0 spear
              (9 damage)
             ... on level 1 of the Dungeon.
             The game lasted 00:05:02 (2408 turns).

Gargoyl the Skirmisher (Demonspawn Abyssal Knight)  Turns: 2408, Time: 00:05:02

Health: -2/35      AC:  3    Str: 14    XL:     4   Next: 12%
Magic:  6/6        EV: 12    Int: 13    God:    Lugonu [*.....]
Gold:   57         SH:  0    Dex: 12    Spells: 0 memorised, 3 levels left

rFire  . . .     SeeInvis .     a - +1 hand axe
rCold  . . .     Clarity  .     b - +0 leather armour
rNeg   . . .     SustAt   .     (no shield)
rPois  .         Gourm    .     (no helmet)
rElec  .         Spirit   .     (no cloak)
rCorr  .         Warding  .     (no gloves)
rMut   .         Stasis   .     (no boots)
MR     .....                    (no amulet)
Stlth  ++........               (no ring)
                                (no ring)

@: not resistant to hostile enchantments, unstealthy
A: hooves 1, nightstalker 1
a: Depart the Abyss, Renounce Religion


You were on level 1 of the Dungeon.
You worshipped Lugonu.
Lugonu was aware of your devotion.
You were hungry.

You visited 1 branch of the dungeon, and saw 2 of its levels.
You visited the Abyss 1 time.

You collected 57 gold pieces.

Inventory:

Hand Weapons
 a - a +1 hand axe (weapon)
Armour
 b - a +0 leather armour (worn)
Scrolls
 g - a scroll of recharging {unknown}
 i - a scroll of remove curse {unknown}
 j - a scroll of enchant armour {unknown}
 l - 3 scrolls of magic mapping {unknown}
Potions
 d - 2 potions of flight {unknown}
 e - a potion of cancellation {unknown}
 k - a potion of mutation {unknown}
 m - a potion of curing {unknown}
Comestibles
 c - a bread ration
 f - 3 fruits
 h - 2 meat rations


   Skills:
 + Level 3.4 Fighting
 + Level 2.0 Axes
 + Level 2.1 Armour
 + Level 2.1 Dodging
 + Level 1.2 Stealth
 + Level 2.9 Invocations


You had 3 spell levels left.
You didn't know any spells.

Dungeon Overview and Level Annotations

Branches:
Dungeon (2/15)

Altars:


Innate Abilities, Weirdness & Mutations

You have large cloven feet.
You are slightly more attuned to the shadows.


Message History

Done exploring.
You start resting.
HP restored.
Done exploring.
You climb downwards.
The gnoll hits you with a spear! The gnoll hits you with a spear!
A gnoll comes into view. It is wielding a halberd.
There is a stone staircase leading up here.
The gnoll hits you but does no damage.
You climb upwards.
There is a stone staircase leading down here.
The gnoll closely misses you.
You hit the gnoll but do no damage. The gnoll hits you with a spear.
The gnoll hits you with a spear!
* * * LOW HITPOINT WARNING * * *
You closely miss the gnoll. You kick the gnoll, but do no damage.
The gnoll closely misses you.
You closely miss the gnoll. You kick the gnoll, but do no damage.
The gnoll hits you with a spear!
You die...

...##.# #.................#
##.##.# ##..##............#
.#.##.# #[.##............#
...##∩## #..##.....)......#
.###...### #..##............#
##...≈...# #..##............#
.#.⌠.≈.⌠.# #..##............#
.#...≈...# #..##............#
.#.⌠.≈.⌠.# ##@######'########
.#...≈...# #g# #.# .#.⌠.≈.⌠.# #.#
#.# .#...≈...# #.######'#######
.#.⌠.≈.⌠.# #.##...........#
.#...≈...#######.##...........###
.#.⌠.≈.⌠.##...##.##...........'..
.#...≈...##...##.##...........###
.###...####...##.##...........#


You could see a gnoll.

Vanquished Creatures
  4 adders (D:2)
  A worm (D:2)
  A giant gecko (D:1)
  A ball python (D:1)
  4 giant cockroaches
  5 goblins
  2 hobgoblins (D:1)
  5 kobolds
  A quokka (D:2)
  3 bats
  6 giant newts
  2 rats
35 creatures vanquished.

Notes
Turn   | Place    | Note
--------------------------------------------------------------
     0 | Abyss:1  | Gargoyl the Demonspawn Abyssal Knight began the quest for the Orb.
     0 | Abyss:1  | Reached XP level 1. HP: 18/18 MP: 2/2
    39 | Abyss:1  | Noticed a small abomination
    47 | D:1      | Escaped the Abyss
   187 | D:1      | Reached skill level 1 in Dodging
   348 | D:1      | Gained mutation: You are slightly more attuned to the shadows. [demonic ancestry]
   348 | D:1      | Reached XP level 2. HP: 24/24 MP: 3/3
   592 | D:1      | Reached * piety under Lugonu
  1322 | D:2      | Reached XP level 3. HP: 9/29 MP: 5/5
  1805 | D:2      | Reached skill level 1 in Stealth
  1939 | D:2      | Gained mutation: You have large cloven feet. [demonic ancestry]
  1939 | D:2      | Reached XP level 4. HP: 27/35 MP: 6/6
  2408 | D:1      | Slain by a gnoll

Action                   |  1- 3 |  4- 6 || total
-------------------------+-------+-------++-------
Melee: Hand axe          |   123 |    12 ||   135
Invok: Depart the Abyss  |     1 |       ||     1
  Use: Potion            |     1 |       ||     1
 Stab: Sleeping          |     8 |       ||     8
  Eat: Bread ration      |     1 |       ||     1
